 Dungeon Crawl Stone Soup version 0.30-a0-596-g0af90f9a20 (webtiles) character file.

Game seed: 3667792499269005203

2156 acebull12 the Spear-Bearer (level 9, -3/74 HPs)
             Began as a Meteoran Reaver on Jan 7, 2023.
             Was a Believer of Okawaru.
             Shot with an arrow by a centaur (4 damage)
             ... on level 6 of the Dungeon.
             The game lasted 00:18:24 (3358 turns).

acebull12 the Spear-Bearer (Meteoran Reaver)        Turns: 3358, Time: 00:18:25

Health: -3/74      AC:  8    Str: 19    XL:     9   Next: 87%
Magic:  17/17      EV: 13    Int: 24    God:    Okawaru [**....]
Gold:   196        SH:  0    Dex: 16    Spells: 15/18 levels left

rFire   . . .      SeeInvis .    n - +11 spear of Light {speed, rElec Int+3 Dex+4}
rCold   . . .      Faith    .    u - orb {light}
rNeg    . . .      Spirit   .    b - +0 leather armour
rPois   .          Reflect  .    (no helmet)
rElec   +          Harm     .    (no cloak)
rCorr   .          Rampage  .    (no gloves)
Will    +....                    p - +0 pair of boots
Stlth   +                        (no amulet)
HPRegen 0.32/turn                o - +6 ring of intelligence
MPRegen 0.15/turn                t - +4 ring of protection

@: glowing
A: sense surroundings 2, otherworldly, glowing, explore regen
a: Renounce Religion, Heroism


You were on level 6 of the Dungeon.
You worshipped Okawaru.
Okawaru was pleased with you.
You visited 2 branches of the dungeon, and saw 7 of its levels.

You collected 196 gold pieces.

Inventory:

Hand Weapons
 k - a +0 spear of flaming
 n - the +11 spear of Light (weapon) {speed, rElec Int+3 Dex+4}
   (You found it on level 2 of the Dungeon)

   Int:       It affects your intelligence (+3).
   Dex:       It affects your dexterity (+4).
   rElec:     It insulates you from electricity.
 B - a +0 antimagic demon whip
Missiles
 c - 57 stones (quivered)
 G - a throwing net
Armour
 b - a +0 leather armour (worn)
 p - a +0 pair of boots (worn)
 u - an orb of light (worn)
Jewellery
 a - an amulet of the acrobat
 e - a +4 ring of slaying
 o - a +6 ring of intelligence (left hand)
 t - a +4 ring of protection (right hand)
 w - a +6 ring of intelligence
 x - a ring of fire
Wands
 H - a wand of charming (10)
Scrolls
 i - 2 scrolls of fear {unknown}
 l - 2 scrolls of poison {unknown}
 q - a scroll of vulnerability {unknown}
 s - 5 scrolls of teleportation
 v - 2 scrolls of magic mapping {unknown}
 y - a scroll of torment {unknown}
 A - a scroll of amnesia {unknown}
 C - 2 scrolls of noise {unknown}
Potions
 d - a potion of berserk rage {unknown}
 f - a potion of lignification {unknown}
 g - 3 potions of degeneration
 h - 2 potions of heal wounds
 j - a potion of curing {unknown}
 m - a potion of experience {unknown}
 r - 2 potions of flight {unknown}
 z - 3 potions of mutation
 D - 2 potions of cancellation {unknown}
 E - a potion of ambrosia {unknown}
 F - a potion of might {unknown}


   Skills:
 * Level 5.4 Fighting
 - Level 5.2 Maces & Flails
 * Level 9.6 Polearms
 + Level 3.2 Armour
 + Level 3.5 Dodging
 + Level 0.5 Stealth
 * Level 5.2 Spellcasting
 * Level 6.6 Conjurations


You had 15 spell levels left.
You knew the following spells:

 Your Spells              Type           Power      Damage    Failure   Level
a - Kiss of Death         Conj/Necr      88%        2d12      2%          1
b - Momentum Strike       Conj/Tloc      44%        3d9       4%          2

Your spell library contained the following spells:

 Spells                   Type           Power      Damage    Failure   Level
 Hailstorm                Conj/Ice       22%        3d7       8%          3
 Cigotuvi's Dreadful Rot  Necr/Pois/Air  12%        N/A       16%         2
 Dispel Undead            Necr           6%         3d8       71%         4
 Death Channel            Necr           Unusable   N/A       N/A         6

Dungeon Overview and Level Annotations

Branches:
Dungeon (6/15) Zot: 342    Temple (1/1) D:5 Zot: 578

Altars:
Ashenzari
Cheibriados
Elyvilon
Fedhas
Gozag
Hepliaklqana
Kikubaaqudgha
Makhleb
Okawaru
Qazlal
Ru
Trog
Wu Jian
Yredelemnul
Zin
The Shining One

Shops:
D:4 :


Innate Abilities, Weirdness & Mutations

You passively map the area around you.
You are easily found by Zot.
You glow in the dark.
You regain HP and MP as you explore.


Message History

The arrow hits you.
The centaur shoots an arrow.
The arrow hits you.
The centaur shoots an arrow.
The arrow barely misses you.
You start waiting.
You start waiting.
HP restored.
The centaur shouts! x2; You hear a shout! x2
A centaur comes into view.
The centaur shoots an arrow.
The arrow hits you.
The centaur shoots an arrow.
The arrow hits you.
The centaur shoots an arrow.
The arrow hits you.
The centaur shoots an arrow.
The arrow barely misses you.
The centaur shoots an arrow.
The arrow hits you.
The centaur shoots an arrow.
The arrow hits you but does no damage.
The centaur shouts!
The centaur shoots an arrow.
The arrow hits you.
The centaur shoots an arrow.
The arrow closely misses you.
The centaur wields a +0 shortbow.
The centaur shoots an arrow.
The arrow hits you!
The centaur shoots an arrow.
The arrow hits you but does no damage.
The centaur shoots an arrow.
The arrow hits you.
The centaur shoots an arrow.
The arrow hits you but does no damage.
The centaur shoots an arrow.
The arrow hits you!
The centaur shoots an arrow.
The arrow hits you.
The centaur shoots an arrow.
The arrow hits you!
* * * LOW HITPOINT WARNING * * *
The centaur shoots an arrow.
The arrow hits you but does no damage.
The centaur shoots an arrow.
The arrow hits you.
* * * LOW HITPOINT WARNING * * *
The centaur shoots an arrow.
The arrow hits you.
* * * LOW HITPOINT WARNING * * *
The centaur shoots an arrow.
The arrow closely misses you.
The centaur shoots an arrow.
The arrow hits you but does no damage.
The centaur shoots an arrow.
The arrow hits you.
* * * LOW HITPOINT WARNING * * *
The centaur shoots an arrow.
The arrow closely misses you.
The centaur shoots an arrow.
The arrow barely misses you.
The centaur shoots an arrow.
The arrow hits you.
* * * LOW HITPOINT WARNING * * *
The centaur shoots an arrow.
The arrow hits you.
* * * LOW HITPOINT WARNING * * *
The centaur shoots an arrow.
The arrow barely misses you.
The centaur shoots an arrow.
The arrow hits you.
You die...

#.#.≈≈≈..# ,~ ~
#.#.≈≈≈cc. * * ≈
#.#≈≈≈≈cc..# , ≈
#.#≈≈≈≈≈...# ~ ≈
#..≈≈≈≈≈...c,, ≈
#..≈≈≈≈≈≈......≈≈≈≈
##.≈≈≈≈≈≈≈≈..≈≈≈≈≈≈
#.#≈≈≈≈≈≈≈≈≈≈≈≈≈≈≈
#@#...≈≈≈≈≈≈≈≈≈≈≈≈
#...##### ≈≈≈≈≈.
##..####** ≈≈≈≈#.
##....# * #..#.
####.## #(... #..##
#.... ##..## ##..##
##..# #..##.
##.###..#..


You could see 3 centaurs.

Vanquished Creatures
  Pikel (D:6)
  Grinder (D:5)
  Prince Ribbit (D:5)
  A sky beast (D:6)
  2 ice beasts (D:5)
  2 ogres
  A centaur (D:5)
  A phantom (D:4)
  A kobold brigand (D:4)
  A bullfrog (D:5)
  A gnoll sergeant (D:5)
  2 scorpions (D:5)
  A howler monkey (D:5)
  A jelly (D:4)
  2 iguanas
  An orc wizard (D:5)
  11 gnolls (D:5)
  8 adders
  2 dart slugs (D:2)
  7 orcs
  8 bats
  5 endoplasms
  A giant cockroach (D:2)
  8 goblins
  3 hobgoblins
  5 jackals
  3 quokkas
  10 ball pythons
  4 kobolds
  2 rats (D:1)
97 creatures vanquished.

Notes
Turn   | Place    | Note
-------+----------+-------------------------------------------
     0 | D:1      | acebull12 the Meteoran Reaver began the quest for the Orb.
     0 | D:1      | Reached XP level 1. HP: 17/17 MP: 5/5
    19 | D:1      | Found a faded altar of an unknown god.
    71 | D:1      | Reached XP level 2. HP: 20/24 MP: 6/6
   488 | D:1      | Glimpsed the power of Zot.
   503 | D:1      | Reached XP level 3. HP: 29/29 MP: 8/8
   587 | D:2      | Reached skill level 5 in Maces & Flails
   660 | D:2      | Found an ancient bone altar of Kikubaaqudgha.
   721 | D:2      | Reached XP level 4. HP: 25/37 MP: 9/9
   730 | D:2      | Identified the +11 spear of Light {speed, rElec Int+3
                  | Dex+4}
   822 | D:2      | Reached skill level 1 in Armour
  1090 | D:2      | Glimpsed the power of Zot.
  1264 | D:2      | Reached skill level 1 in Polearms
  1264 | D:2      | Reached XP level 5. HP: 42/42 MP: 10/10
  1544 | D:3      | Found a blossoming altar of Fedhas.
  1546 | D:3      | Found a bloodstained altar of Trog.
  1547 | D:3      | Found a glowing golden altar of the Shining One.
  1698 | D:3      | Glimpsed the power of Zot.
  1704 | D:4      | Noticed a phantom
  1713 | D:4      | Killed a phantom
  1714 | D:4      | Reached skill level 2 in Polearms
  1714 | D:4      | Reached XP level 6. HP: 51/51 MP: 10/12
  1795 | D:4      | Found Humedd's Book Shop.
  1848 | D:4      | Reached skill level 3 in Polearms
  1906 | D:4      | Found a sacrificial altar of Ru.
  2058 | D:4      | Reached XP level 7. HP: 56/57 MP: 13/13
  2134 | D:4      | Found a broken altar of Ashenzari.
  2137 | D:4      | Found an opulent altar of Gozag.
  2139 | D:4      | Found a glowing silver altar of Zin.
  2140 | D:4      | Found a stormy altar of Qazlal.
  2284 | D:5      | Entered Level 5 of the Dungeon
  2293 | D:5      | Noticed Prince Ribbit
  2304 | D:5      | Reached skill level 4 in Polearms
  2309 | D:5      | Killed Prince Ribbit
  2310 | D:5      | Reached skill level 5 in Polearms
  2310 | D:5      | Reached skill level 5 in Conjurations
  2310 | D:5      | Reached XP level 8. HP: 44/66 MP: 13/15
  2524 | D:5      | Found a staircase to the Ecumenical Temple.
  2548 | Temple   | Entered the Ecumenical Temple
  2559 | Temple   | Became a worshipper of Warmaster Okawaru
  2575 | D:5      | Noticed Grinder
  2581 | D:5      | Killed Grinder
  2582 | D:5      | Reached skill level 6 in Polearms
  2623 | D:5      | Learned a level 2 spell: Momentum Strike
  2644 | D:5      | Reached skill level 7 in Polearms
  2650 | D:5      | Reached * piety under Okawaru
  2655 | D:5      | Gained mutation: You passively map the area around you.
                  | [Meteoran growth]
  2655 | D:5      | Reached XP level 9. HP: 28/71 MP: 15/17
  2896 | D:5      | Reached skill level 8 in Polearms
  2985 | D:5      | Glimpsed the power of Zot.
  3035 | D:5      | Glimpsed the power of Zot.
  3081 | D:6      | Noticed Pikel
  3094 | D:6      | Killed Pikel
  3094 | D:6      | Reached ** piety under Okawaru
  3095 | D:6      | Reached skill level 5 in Fighting
  3095 | D:6      | Reached skill level 9 in Polearms
  3095 | D:6      | Reached skill level 5 in Spellcasting
  3357 | D:6      | HP: 1/74 [centaur/arrow (5)]
  3358 | D:6      | Shot with an arrow by a centaur

Illustrated notes

Levels and vault maps discovered:
D:1:      saegor_arrival_miasma, layout_basic, basic_ecumenical_altar
D:2:      layout_basic, minmay_hexomino_r4
D:3:      layout_loops_cross, xom_confusion_cloud,
          gammafunk_temple_overflow_forgotten
D:4:      layout_rooms, nicolae_ru_path_of_blood, mainiacjoe_overflow_alcove_3,
          nicolae_wooded_promenade, minmay_small_thing
D:5:      black_bear_nest_1, layout_basic, minmay_temple_entry_water_ring,
          minmay_between, uniq_prince_ribbit1, uniq_grinder
D:6:      minmay_klotski, layout_cave_pools, lemuel_blue_sif_altar,
          grunt_dithmenos_smoke_and_mirrors, kennysheep_mini_moat, serial_glass,
          glass_columns_a, glass_columns_c, centaur_isle, uniq_pikel,
          uniq_sigmund
Temple:   hellmonk_temple_rainy

Skill      XL: |  1  2  3  4  5  6  7  8  9 |
---------------+----------------------------+-----
Conjurations   | 4 5 6 |  6.6
Maces & Flails | 5 |  5.2
Spellcasting   | 3 4 5 |  5.2
Armour         | 1 2 3 |  3.2
Polearms       | 1 2 3 5 7 9 |  9.6
Fighting       | 3 4 5 |  5.4
Dodging        | 3 |  3.5
Stealth        | |  0.5

Action                   |  1- 3 |  4- 6 |  7- 9 || total
-------------------------+-------+-------+-------++-------
Melee: Mace              |   103 |       |       ||   103
       Spear             |       |    78 |   126 ||   204
  Use: Scroll            |       |       |     4 ||     4
Armor: Leather armour    |    44 |     7 |    29 ||    80
Dodge: Dodged            |    67 |    15 |    38 ||   120

Table legend: (Time is in decaauts)
 A = Elapsed time spent in this place.
 B = Non-inter-level travel time spent in this place.
 C = Inter-level travel time spent in this place.
 D = Time resting spent in this place.
 E = Time spent auto-exploring this place.
 F = Levels seen in this place.
 G = Mean time per level.
                   A        B        C        D        E       F      G
               +--------+--------+--------+--------+--------+-----+--------+
         Total |   3278 |   3172 |    106 |    261 |   2214 |   7 |  468.3 |
       Dungeon |   3256 |   3159 |     97 |    261 |   2214 |   6 |  542.7 |
        Temple |     21 |     12 |      9 |      0 |      0 |   1 |   21.0 |
               +--------+--------+--------+--------+--------+-----+--------+

Top non-repeatable levels by time:
     D:2: 883 daAuts
     D:5: 717 daAuts
     D:4: 568 daAuts
     D:1: 536 daAuts
     D:3: 283 daAuts
     D:6: 268 daAuts
  Temple: 21 daAuts
